 Dungeon Crawl Stone Soup version 0.31-a0-836-g3ceb0a68c4 (webtiles) character file.

Game seed: 17283977969821913240

2504 TheScarfBastard the Cleaver (level 9, -1/78 HPs)
             Began as a Purple Draconian Berserker on Sept 26, 2023.
             Was a Priest of Trog.
             Slain by a vampire
             ... wielding a +1 vampiric halberd
              (9 damage)
             ... in a bailey.
             The game lasted 00:18:37 (5927 turns).

TheScarfBastard the Cleaver (DrBe)                  Turns: 5927, Time: 00:18:38

Health: -1/78      AC:  9    Str: 25    XL:     9   Next: 28%
Magic:  9/9        EV: 14    Int:  7    God:    Trog [***...]
Gold:   263        SH:  0    Dex: 10    Spells: 8/8 levels left

rFire   . . .        a - +0 hand axe (spect)
rCold   . . .        (no shield)
rNeg    . . .        (body armour unavailable)
rPois   .            (helmet restricted)
rElec   .            (no cloak)
rCorr   .            (no gloves)
SInv    .            e - +1 pair of boots
Will    +....        (no amulet)
Stlth   ++           (no ring)
HPRegen 0.33/turn    (no ring)
MPRegen 0.11/turn

%: no passive effects
@: mighty, short of breath, on berserk cooldown, slowed, very slow
A: breathe power, AC +7, unfitting armour, cold-blooded
a: Breathe Dispelling Energy, Renounce Religion, Berserk, Trog's Hand


You were in a bailey.
You worshipped Trog.
Trog was most pleased with you.
You visited 2 branches of the dungeon, and saw 8 of its levels.
You also visited: Sewer, Ossuary and Bailey.

You collected 388 gold pieces.
You spent 125 gold pieces at shops.

Inventory:

Hand Weapons
 a - a +0 spectral hand axe (weapon)
 l - a +0 war axe
 o - a +3 scythe of protection
 q - a +3 flail of protection
Armour
 e - a +1 pair of boots (worn)
 f - a +0 troll leather armour {Pargi}
Scrolls
 h - 4 scrolls of immolation
 j - 7 scrolls of blinking
 p - 2 scrolls of fog
 s - 2 scrolls of fear
 t - a scroll of revelation {unknown}
 v - 2 scrolls of poison
 w - 4 scrolls of teleportation
Potions
 b - 7 potions of curing
 c - 3 potions of berserk rage
 d - a potion of enlightenment {unknown}
 i - a potion of brilliance
 k - a potion of attraction {unknown}
 m - 2 potions of cancellation
 r - 2 potions of lignification {unknown}
 u - a potion of degeneration {unknown}


   Skills:
 + Level 6.9 Fighting
 + Level 9.1 Axes
 + Level 6.6 Dodging
 + Level 3.1 Stealth


You had 8 spell levels left.
You didn't know any spells.
Your spell library was empty.

Dungeon Overview and Level Annotations

Branches:
Dungeon (7/15)             Temple (1/1) D:5           Sewer (visited)
Ossuary (visited)          Bailey (1/1)

Altars:
Ashenzari
Dithmenos
Elyvilon
Fedhas
Hepliaklqana
Makhleb
Nemelex Xobeh
Okawaru
Qazlal
Ru
Sif Muna
Trog
Uskayaw
Vehumet
Wu Jian
Xom
Yredelemnul
Zin
The Shining One

Shops:
D:4 *


Innate Abilities, Weirdness & Mutations

You can breathe bolts of dispelling energy.
Your rich purple scales are hard. (AC +7)
You cannot fit into any form of body armour.
You are cold-blooded and may be slowed by cold attacks.


Message History

The vampire draws strength from your wounds!
The vampire bites you.
* * * LOW HITPOINT WARNING * * *
The vampire draws strength from your injuries!
The vampire misses you. x2
You hit the vampire but do no damage. You tail-slap the vampire!
The vampire is moderately damaged.
Your +0 spectral hand axe hits the vampire.
The vampire closely misses you.
The vampire bites you but does no damage.
You closely miss the vampire. Your punch misses the vampire.
The vampire is heavily damaged.
Your +0 spectral hand axe hits the vampire!
The vampire gestures wildly while chanting.
The vampire flickers and vanishes!
Deactivating autopickup; reactivate with Ctrl-A.
You closely miss something.
Your tail-slap misses something.
Your +0 spectral hand axe hits something!
You hear some strange, mumbled words.
Something tries to affect you, but you resist.
You hit something but do no damage.
Your +0 spectral hand axe closely misses something.
Something barely misses you. Something bites you!
* * * LOW HITPOINT WARNING * * *
Something draws strength from your injuries!
Something hits you.
* * * LOW HITPOINT WARNING * * *
Something bites you!
* * * LOW HITPOINT WARNING * * *
Something draws strength from your injuries!
You feel much better.
Your +0 spectral hand axe disappears.
Something hits you!
* * * LOW HITPOINT WARNING * * *
Something bites you but does no damage.
You feel mightier all of a sudden. Something hits you!
* * * LOW HITPOINT WARNING * * *
Something bites you but does no damage. Something hits you!
You die...

...####....+
..##..##)..+
#########....#...#
#8...............#
#.........#......#
###''##...##.....#
##....##...#######
##......##.......8#
#.@.##...#8......8#
#.{## #..##########
#..# ..# #... .8#
##!! !## ##8| ##


There were no monsters in sight!

Vanquished Creatures
  A gargoyle (Bailey)
  A troll (D:6)
  Sigmund (D:4)
  Edmund (D:5)
  3 ice beasts
  Pargi (Sewer)
  A centaur (D:7)
  A phantom (D:6)
  An elf zombie (Ossuary)
  A scorpion (D:5)
  2 bullfrogs
  A gnoll sergeant (D:6)
  4 killer bees (D:7)
  A human zombie (Ossuary)
  3 orc priests
  2 hounds
  5 iguanas
  3 hound zombies (Ossuary)
  4 mummies (Ossuary)
  4 gnolls (D:6)
  9 adders
  A shadow imp (D:7)
  3 ufetubi
  An adder zombie (Ossuary)
  2 worms
  2 dart slugs
  14 orcs
  10 ball pythons
  6 bats
  3 endoplasms
  3 giant cockroaches
  13 goblins
  3 hobgoblins
  7 jackals
  10 kobolds
  4 quokkas
  7 frilled lizards
  3 hobgoblin zombies (Ossuary)
  2 jackal zombies (Ossuary)
  A kobold zombie (Ossuary)
  6 orc zombies (Bailey)
  10 rats
161 creatures vanquished.

Vanquished Creatures (others)
  4 orcs (D:7)
4 creatures vanquished.

Grand Total: 165 creatures vanquished

Notes
Turn   | Place    | Note
-------+----------+-------------------------------------------
     0 | D:1      | TheScarfBastard the Draconian Berserker began the quest for
                  | the Orb.
     0 | D:1      | Reached XP level 1. HP: 19/19 MP: 1/1
   123 | D:1      | Reached XP level 2. HP: 20/26 MP: 2/2
   608 | D:2      | Reached XP level 3. HP: 33/33 MP: 3/3
   759 | D:2      | Reached ** piety under Trog
  1119 | D:3      | Reached XP level 4. HP: 40/40 MP: 4/4
  1123 | D:3      | Found a sparkling altar of Nemelex Xobeh.
  1270 | D:3      | Found a sacrificial altar of Ru.
  1283 | D:3      | Found a glowing drain.
  1325 | Sewer    | Entered a sewer
  1348 | Sewer    | Noticed Pargi
  1357 | Sewer    | Killed Pargi
  1358 | Sewer    | Reached skill level 4 in Axes
  1358 | Sewer    | Reached XP level 5. HP: 46/46 MP: 5/5
  1567 | D:3      | Found a basalt altar of Yredelemnul.
  1741 | D:3      | Found a glowing silver altar of Zin.
  2028 | D:4      | Found a sand-covered staircase.
  2035 | Ossuary  | Entered an ossuary
  2043 | Ossuary  | Reached skill level 5 in Axes
  2043 | Ossuary  | Reached XP level 6. HP: 53/53 MP: 6/6
  2047 | Ossuary  | Reached *** piety under Trog
  2050 | Ossuary  | Reached skill level 1 in Stealth
  2274 | D:4      | Found Yshrazin's General Store.
  2286 | D:4      | Bought a scroll of enchant armour for 75 gold pieces
  2286 | D:4      | Bought a potion of heal wounds for 50 gold pieces
  2366 | D:4      | Found a hide-covered altar of Uskayaw.
  2707 | D:4      | Noticed Sigmund
  2715 | D:4      | Killed Sigmund
  2716 | D:4      | Reached skill level 6 in Axes
  2716 | D:4      | Your scales start taking on a rich purple colour.
  2716 | D:4      | Reached XP level 7. HP: 60/60 MP: 7/7
  2884 | D:5      | Entered Level 5 of the Dungeon
  2895 | D:5      | Noticed Edmund
  2911 | D:5      | Killed Edmund
  2912 | D:5      | Reached skill level 5 in Fighting
  3192 | D:5      | Reached skill level 7 in Axes
  3283 | D:5      | Reached skill level 5 in Dodging
  3283 | D:5      | Reached XP level 8. HP: 69/69 MP: 8/8
  3349 | D:5      | Found a stormy altar of Qazlal.
  3441 | D:5      | Found a staircase to the Ecumenical Temple.
  3466 | Temple   | Entered the Ecumenical Temple
  3964 | D:6      | Noticed a troll
  3971 | D:6      | Killed a troll
  4196 | D:6      | Reached skill level 8 in Axes
  5093 | D:7      | Found a broken altar of Ashenzari.
  5193 | D:7      | Reached XP level 9. HP: 70/78 MP: 9/9
  5667 | D:7      | Found a flagged portal.
  5672 | D:7      | Reached **** piety under Trog
  5679 | Bailey   | Entered a bailey
  5765 | Bailey   | Noticed a gargoyle
  5775 | Bailey   | Killed a gargoyle
  5776 | Bailey   | Reached skill level 9 in Axes
  5925 | Bailey   | HP: 2/78 [something (8)]
  5927 | Bailey   | Slain by a vampire

Illustrated notes

Levels and vault maps discovered:
D:1:      eino_arrival_water_star, layout_rooms
D:2:      layout_rooms, nicolae_concentric_dashed_squares_mild, st_stairs_13,
          guppyfry_early_lair_pool
D:3:      layout_loops_ring, hangedman_ru_absence, mainiacjoe_overflow_paths,
          nemelex_xobeh_ov_fountains_minmay, zin_treasury, portal_sewer_entry_b,
          kennysheep_path_1
D:4:      layout_gridville, amcnicky_altar_gilded, serial_shops,
          nicolae_shop_tiny_glass, serial_glass, glass_columns_b,
          glass_columns_c, nicolae_ossuary_entry_monument,
          nicolae_houndstooth_variations, uniq_sigmund
D:5:      layout_rooms, mainiacjoe_overflow_concentric_impassable,
          minmay_temple_entry_waves, uniq_edmund
D:6:      layout_layer_cave, nicolae_hexahallways
D:7:      layout_basic, nicolae_overflow_crystal_walls, serial_co_window_serial,
          co_window_paths_b, co_window_corner_a, co_window_corner_a,
          co_window_of_opportunity_a, co_window_corner_a,
          co_window_of_opportunity_a, co_window_corner_a, co_window_corner_ca,
          co_window_cross_3, co_window_paths_c, co_window_unsneaky_path_d,
          co_window_cross_3, glass_columns_a, glass_columns_b, enter_bailey_3,
          lemuel_flamethrower_2
Temple:   nicolae_temple_ecumenical_triangle
Bailey:   bailey_polearm_vampire_castle_hellmonk, bailey

Skill      XL: |  1  2  3  4  5  6  7  8  9 |
---------------+----------------------------+-----
Dodging        | 3 4 5 6 |  6.6
Fighting       | 4 5 6 |  6.9
Axes           | 4 5 6 7 8 9 |  9.1
Stealth        | 1 2 3 |  3.1

Action                     |  1- 3 |  4- 6 |  7- 9 || total
---------------------------+-------+-------+-------++-------
  Melee: Hand axe          |   121 |   110 |   230 ||   461
         Tailslap          |    13 |    17 |    20 ||    50
         Punch             |     2 |       |     6 ||     8
 Invoke: Berserk           |     2 |     4 |    10 ||    16
Ability: Breathe Dispellin |       |       |     8 ||     8
    Use: Scroll            |     4 |     9 |     2 ||    15
         Potion            |       |       |     6 ||     6
   Stab: Distracted        |       |     1 |     1 ||     2
         Sleeping          |       |       |     1 ||     1
 Armour: Skin              |    69 |    63 |   168 ||   300
  Dodge: Dodged            |    86 |    88 |   132 ||   306

Table legend: (Time is in decaauts)
 A = Elapsed time spent in this place.
 B = Non-inter-level travel time spent in this place.
 C = Inter-level travel time spent in this place.
 D = Time resting spent in this place.
 E = Time spent auto-exploring this place.
 F = Levels seen in this place.
 G = Mean time per level.
                   A        B        C        D        E       F      G
               +--------+--------+--------+--------+--------+-----+--------+
         Total |   6087 |   5865 |    222 |      0 |   3904 |  11 |  553.4 |
       Dungeon |   5441 |   5219 |    222 |      0 |   3725 |   7 |  777.3 |
        Temple |     25 |     25 |      0 |      0 |      0 |   1 |   25.0 |
         Sewer |    163 |    163 |      0 |      0 |      0 |   1 |  163.0 |
       Ossuary |    201 |    201 |      0 |      0 |     31 |   1 |  201.0 |
        Bailey |    255 |    255 |      0 |      0 |    148 |   1 |  255.0 |
               +--------+--------+--------+--------+--------+-----+--------+

Top non-repeatable levels by time:
     D:6: 1446 daAuts
     D:3: 809 daAuts
     D:5: 778 daAuts
     D:4: 703 daAuts
     D:7: 595 daAuts
     D:1: 591 daAuts
     D:2: 518 daAuts
  Bailey: 255 daAuts
 Ossuary: 201 daAuts
   Sewer: 163 daAuts
  Temple: 25 daAuts
